AoeStats
← duke of downend

Fortress

510196132Analyzed
2v2 RM · 22h ago on Sep 29, 2026· 65m 33s· 4 players
Game mode
Random Map
Map size
Normal (6 player)
Population
200
Speed
Normal
Resources
Standard
Victory
Conquest
Starting age
Dark Age
Ending age
Imperial Age
RankedLock teamsTeams togetherTeam positionsShared explorationLock speedFull tech treeHidden civsTurbo modeCheats
Victory
Defeat
🇨🇴 Varangians · Colombia
761
+17
🇬🇧 Khmer · United Kingdom
694
+19
🇵🇹 Aztecs · Portugal
783
-18
🇩🇰 Franks · Denmark
761
-45
solid_mat21
8:27 Feudal Age
14:07 Wheelbarrow
18:22 Castle Age
20:55 Hand Cart
21:17 Coinage
20:51 Scale Mail Armor
22:04 Forging
27:36 Imperial Age
27:35 Masonry
27:37 Scale Barding Armor
27:56 Chain Mail Armor
28:35 Iron Casting
29:22 Banking
30:03 Elite Throwing Axeman
32:53 Conscription
34:36 Pikeman
35:17 Squires
35:05 Gambesons
34:43 Man-at-Arms
36:25 Halberdier
36:27 Long Swordsman
43:35 Caravan
45:14 Blast Furnace
44:45 Plate Mail Armor
44:21 Scale Barding Armor
44:09 Fletching
44:20 Padded Archer Armor
44:53 Architecture
44:04 Treadmill Crane
44:30 Siege Engineers
44:20 Murder Holes
46:40 Careening
46:42 Clinker Construction
46:44 Fortified Wall
46:25 Guard Tower
46:21 Arrowslits
46:58 Ballistics
46:45 Siphons
Conde Montanelas
7:14 Feudal Age
12:49 Castle Age
12:25 Double-Bit Axe
12:23 Horse Collar
12:39 Stone Mining
14:13 Bow Saw
14:36 Heavy Plow
18:43 Wheelbarrow
23:21 Murder Holes
24:27 Atlatl
25:10 Hand Cart
26:12 Caravan
29:32 Imperial Age
27:53 Gold Mining
32:21 Elite Skirmisher
35:28 Ballistics
36:09 Chemistry
35:22 Fortified Wall
35:18 Fletching
35:28 Padded Archer Armor
35:39 Forging
36:51 Garland Wars
38:34 Elite Jaguar Warrior
40:34 Stone Shaft Mining
40:34 Gold Shaft Mining
47:28 Pikeman
48:10 Squires
53:06 Arson
56:39 Eagle Warrior
duke of downend
4:40 Loom
10:48 Feudal Age
11:15 Double-Bit Axe
11:12 Horse Collar
16:37 Castle Age
15:31 Fletching
15:52 Forging
16:36 Wheelbarrow
18:40 Heavy Plow
20:32 Bow Saw
21:14 Caravan
22:45 Bodkin Arrow
23:26 Iron Casting
27:49 Imperial Age
25:39 Scale Mail Armor
25:03 Man-at-Arms
25:04 Pikeman
25:30 Arson
26:49 Fortified Wall
26:34 Murder Holes
27:03 Ballistics
29:04 Chain Mail Armor
30:28 Chemistry
29:34 Siege Engineers
29:36 Bracer
30:37 Blast Furnace
29:24 Long Swordsman
31:08 Hand Cart
30:40 Town Watch
32:18 Bloodlines
32:08 Husbandry
31:30 Light Cavalry
32:52 Two-Handed Swordsman
33:40 Double Crossbow
34:09 Conscription
33:37 Halberdier
34:37 Scale Barding Armor
38:02 Chain Barding Armor
37:55 Masonry
38:29 Heavy Scorpion
52:01 Hussar
65:12 Plate Barding Armor
64:48 Elite Ballista Elephant
DVDRYS8
6:06 Loom
7:52 Feudal Age
8:54 Double-Bit Axe
12:52 Castle Age
10:40 Horse Collar
10:53 Gold Mining
11:32 Stone Mining
12:04 Scale Mail Armor
12:43 Forging
13:43 Bow Saw
14:45 Heavy Plow
19:36 Wheelbarrow
18:47 Town Watch
19:19 Caravan
20:59 Stone Shaft Mining
22:06 Squires
23:25 Hand Cart
25:32 Town Patrol
30:38 Imperial Age
28:31 Arson
28:39 Fletching
31:06 Iron Casting
30:47 Chain Mail Armor
30:39 Scale Barding Armor
30:30 Bodkin Arrow
30:35 Padded Archer Armor
30:44 Gambesons
30:53 Gambesons
32:30 Two-Man Saw
32:02 Crop Rotation
30:55 Elite Varangian Guard
31:33 Treadmill Crane
32:14 Ballistics
32:55 Chemistry
33:09 Blast Furnace
32:38 Conscription
34:24 Plate Mail Armor
34:00 Husbandry
34:11 Bloodlines
35:56 Bracer
36:11 Leather Archer Armor
37:46 Chain Barding Armor
37:14 Gothikon
41:39 Plate Barding Armor
48:28 Ring Archer Armor
47:33 Elite Jarl
57:35 Spies/Treason
Connection lost

Rejoining the realm…

Still unreachable

The connection could not be restored.

Session expired

The server has moved on; the page needs a fresh start.